 Dungeon Crawl Stone Soup version 0.20.0-1-g1cb1d84 (webtiles) character file.

84 Gorglomux the Shooter (level 4, -1/38 HPs)
             Began as a Centaur Hunter on May 27, 2017.
             Slain by a centaur (9 damage)
             ... on level 3 of the Dungeon.
             The game lasted 00:03:13 (2599 turns).

Gorglomux the Shooter (Centaur Hunter)              Turns: 2599, Time: 00:03:13

Health: -1/38      AC:  4    Str: 14    XL:     4   Next: 24%
Magic:  4/4        EV:  9    Int: 10    God:
Gold:   173        SH:  0    Dex: 11    Spells: 3/3 levels left

rFire    . . .     SeeInvis .   a - +1 shortbow
rCold    . . .     Gourm    .   (shield currently unavailable)
rNeg     . . .     Faith    .   c - +0 leather armour
rPois    .         Spirit   .   (no helmet)
rElec    .         Reflect  .   (no cloak)
rCorr    .         Harm     .   (no gloves)
MR       .....                  (no barding)
Stlth    +.........             (no amulet)
Regen    0.2/turn               (no ring)
MPRegen  0.1/turn               (no ring)

@: very quick
A: hooves 3, deformed body, speed 2, tough skin 3
a: no special abilities


You were on level 3 of the Dungeon.
You were not hungry.

You visited 1 branch of the dungeon, and saw 3 of its levels.

You collected 173 gold pieces.

Inventory:

Hand Weapons
 a - a +1 shortbow (weapon)
 b - a +0 hunting sling
 G - a +0 short sword
Missiles
 d - 103 arrows (quivered)
 C - 39 sling bullets
 D - 46 stones
Armour
 c - a +0 leather armour (worn)
Scrolls
 F - a scroll of magic mapping {unknown}
 J - 3 scrolls of remove curse
 N - a scroll of fear {unknown}
 R - 2 scrolls of identify
Potions
 B - 3 potions of magic {unknown}
 M - 3 potions of heal wounds
 O - a potion of invisibility {unknown}
 T - 2 potions of degeneration {unknown}
Comestibles
 f - 3 bread rations
 z - 3 meat rations
 L - a fruit


   Skills:
 + Level 3.3 Fighting
 + Level 6.7 Bows
 - Level 1.3 Dodging
 - Level 0.4 Stealth


You had 3 spell levels left.
You didn't know any spells.

Dungeon Overview and Level Annotations

Branches:
Dungeon (3/15)

Altars:


Innate Abilities, Weirdness & Mutations

You have hooves in place of feet.
Armour fits poorly on your strangely shaped body.
You cover ground very quickly.
You have extremely tough skin. (AC +3)


Message History

The centaur shoots an arrow.
The arrow hits you.
The centaur unwields an uncursed shortbow.
The centaur hits you but does no damage.
a - a +1 shortbow (weapon)
The centaur hits you.
Firing (i - inventory. (,) - cycle):
d - 105 arrows (quivered)
Press: ? - help, Shift-Dir - straight line, f - centaur
Aim: a centaur You shoot an arrow.
The arrow hits the centaur!
The centaur is heavily wounded.
The centaur hits you! The centaur hits you.
* * * LOW HITPOINT WARNING * * *
Firing (i - inventory. (,) - cycle):
d - 104 arrows (quivered)
Press: ? - help, Shift-Dir - straight line, f/p - centaur
Aim: a centaur (heavily wounded)
You shoot an arrow.
The arrow hits the centaur but does no damage.
The centaur is heavily wounded.
The centaur hits you!
You die...

... ############## ...
#............# ...
#.##########.# #.# #.# #.#
### #.# #.#### #.#
....##.########.##.#######.#
#........c@..............#
#.............##.###..#
#.######.#<#####รท# #..#
#######.######.#.# #.# #..#
...............#.#####.###..#
#######..#######............#
#(.# #.#####.###.## #..# #.#
#.# #.# ...# #.#####.# #.#


You could see a centaur.

Vanquished Creatures
  2 adders (D:2)
  2 worms (D:3)
  2 giant cockroaches
  11 hobgoblins
  12 jackals
  6 kobolds
  A quokka (D:2)
  A ball python (D:1)
  4 bats
  5 frilled lizards
  3 goblins
  5 rats
54 creatures vanquished.

Notes
Turn   | Place    | Note
-------+----------+-------------------------------------------
     0 | D:1      | Gorglomux the Centaur Hunter began the quest for the Orb.
     0 | D:1      | Reached XP level 1. HP: 17/17 MP: 1/1
   263 | D:1      | Reached XP level 2. HP: 23/25 MP: 2/2
   650 | D:1      | Reached skill level 6 in Bows
  1213 | D:1      | Reached XP level 3. HP: 30/30 MP: 3/3
  1656 | D:2      | Reached skill level 3 in Fighting
  2092 | D:2      | Reached XP level 4. HP: 38/38 MP: 4/4
  2408 | D:3      | Noticed a centaur
  2599 | D:3      | Slain by a centaur

Skill      XL: |  1  2  3 |
---------------+----------+-----
Bows           | 6 |  6.7
Fighting       | 3 |  3.3
Dodging        | |  1.3
Stealth        | |  0.4

Action                   |  1- 3 |  4- 6 || total
-------------------------+-------+-------++-------
Melee: Short sword       |    41 |       ||    41
       Kick              |    11 |       ||    11
 Fire: Hunting sling     |   131 |    56 ||   187
       Shortbow          |    10 |     2 ||    12
Throw: Stone             |     4 |       ||     4
  Use: Scroll            |     2 |       ||     2
  Eat: Chunk             |     3 |     1 ||     4
Armor: Leather armour    |    59 |    18 ||    77
Dodge: Dodged            |    78 |    10 ||    88
